[Event "Titled Tuesday Blitz November 07 Early 2023"]
[White "Nihal Sarin"]
[Black "Oparin, Grigoriy"]
[WhiteFideId "25092340"]
[BlackFideId "24125890"]
[WhiteElo "3107"]
[BlackElo "2999"]
[Result "1-0"]
[Round "7"]
[TimeControl "180+1"]
[Date "2023.11.07"]
[WhiteClock "0:00:04"]
[BlackClock "0:00:00"]
[Board "6"]

1. a3 d5 2. Nf3 Nf6 3. e3 Bf5 4. c4 c6 5. Qb3 Qb6 6. Qxb6 axb6 7. cxd5 cxd5 8. Nc3 Nc6 9. Bb5 Bd7 10. Na4 Ra5 11. Nc3 e6 12. Ke2 Ne4 13. a4 Bb4 14. Na2 Bd6 15. d3 Nf6 16. Bd2 Ra8 17. Rhc1 Ke7 18. d4 Ne4 19. Be1 Rhc8 20. Nc3 Nxc3+ 21. Bxc3 Na5 22. Nd2 h5 23. h3 f6 24. g4 hxg4 25. hxg4 Bxb5+ 26. axb5 Nc4 27. Nxc4 dxc4 28. e4 Kd7 29. Rxa8 Rxa8 30. Rh1 Ke7 31. Ke3 Ra4 32. Rh8 Ra1 33. f4 e5 34. fxe5 fxe5 35. dxe5 Bc5+ 36. Kf4 Rf1+ 37. Kg5 Kf7 38. e6+ Kxe6 39. Rb8 Be3+ 40. Kg6 Rg1 41. Re8+ Kd7 42. Rg8 Rxg4+ 43. Kf7 Rxe4 44. Rb8 Re7+ 45. Kg6 Kd6 46. Rc8 Bc5 47. Bxg7 Re2 48. Bc3 Rf2 49. Kg5 Kd5 50. Rd8+ Ke4 51. Rd7 Rf1 52. Kg6 Rf2 53. Kg5 Rf1 54. Rxb7 Kd3 55. Rc7 Kc2 56. Kg6 Kb3 57. Kg7 Rg1+ 58. Kf7 Rf1+ 59. Ke6 Ka4 60. Rxc5 bxc5 61. b6 Kb5 62. b7 Rf8 63. Be5 c3 64. bxc3 Kc4 65. Kd7 Rf7+ 66. Kc6 Rf8 67. Kb6 Re8 68. Ka7 Rxe5 69. b8=Q Re4 70. Qg3 Re2 71. Kb6 1-0


[Site "https://www.chess.com"]

[Event "Titled Tuesday Blitz November 07 Early 2023"]
[White "Nyzhnyk, Illya"]
[Black "Tsydypov, Zhamsaran"]
[WhiteFideId "14118084"]
[BlackFideId "4108566"]
[WhiteElo "2841"]
[BlackElo "3024"]
[Result "1-0"]
[Round "7"]
[TimeControl "180+1"]
[Date "2023.11.07"]
[WhiteClock "0:00:29"]
[BlackClock "0:00:06"]
[Board "7"]

1. Nf3 Nf6 2. c4 g6 3. Nc3 d5 4. d4 Bg7 5. g3 O-O 6. Bg2 dxc4 7. O-O Nc6 8. d5 Na5 9. e4 c6 10. Nd4 cxd5 11. exd5 a6 12. b4 cxb3 13. axb3 Bd7 14. Ba3 Qb6 15. Bxe7 Ng4 16. Nce2 Rfc8 17. b4 Nc4 18. h3 Nge3 19. fxe3 Nxe3 20. Qd2 Nxf1 21. Rxf1 Bb5 22. Kh2 Bd7 23. Qf4 f5 24. d6 Qxb4 25. Bd5+ Kh8 26. Be6 Bxe6 27. Nxe6 Qb5 28. Rf2 Rc4 29. Qf3 Re4 30. Nc7 Qc5 31. Nxa8 Be5 32. Nf4 Re3 33. Qg2 Bxd6 34. Bxd6 Qxd6 35. Qxb7 Re7 36. Qd5 Qb8 37. Qd4+ Kg8 38. Nb6 Re4 39. Qd5+ Kg7 40. Nd7 Qb4 41. Ne6+ Kh6 42. Nf6 Re1 43. Ng8+ Kh5 44. Qf3+ 1-0


[Site "https://www.chess.com"]

[Event "Titled Tuesday Blitz November 07 Early 2023"]
[White "Xiong, Jeffery"]
[Black "Zakhartsov, Vladimir"]
[WhiteFideId "2047640"]
[BlackFideId "4145097"]
[WhiteElo "3009"]
[BlackElo "2841"]
[Result "1-0"]
[Round "7"]
[TimeControl "180+1"]
[Date "2023.11.07"]
[WhiteClock "0:00:12"]
[BlackClock "0:00:03"]
[Board "8"]

1. d4 d5 2. c4 e6 3. Nf3 Nf6 4. Nc3 c5 5. cxd5 Nxd5 6. e4 Nxc3 7. bxc3 cxd4 8. cxd4 Bb4+ 9. Bd2 Bxd2+ 10. Qxd2 O-O 11. Bc4 Nd7 12. O-O b6 13. Rfe1 Bb7 14. a4 Rc8 15. Bd3 Rc7 16. a5 Qb8 17. axb6 Nxb6 18. Qa5 Ba8 19. h4 h6 20. h5 Rd8 21. g4 Rcd7 22. Bb5 Qf4 23. Bxd7 Qxg4+ 24. Kf1 Bxe4 25. Rxe4 Qxe4 26. Ne5 Qh1+ 27. Ke2 Qe4+ 28. Kf1 Qh1+ 29. Ke2 Qxh5+ 30. Kf1 Qh1+ 31. Ke2 Qe4+ 32. Kf1 Qh1+ 33. Ke2 Qe4+ 34. Kf1 Qxd4 35. Bc6 Rc8 36. Rc1 Qf4 37. Rc2 Nd5 38. Re2 Qc1+ 39. Re1 Qg5 40. Bxd5 exd5 41. Qxa7 Qf5 42. Qd4 Qe6 43. Ng4 Qf5 44. Re5 Qg6 45. Rxd5 h5 46. Rd8+ Rxd8 47. Qxd8+ Kh7 48. Ne3 Qb1+ 49. Kg2 Qg6+ 50. Kf3 Qf6+ 51. Qxf6 gxf6 52. Kf4 Kg6 53. Nf5 Kh7 54. Nh4 Kg7 55. Kf5 Kg8 56. Kxf6 Kf8 57. Kg5 Kg7 58. Kxh5 Kf6 59. Kg4 Ke5 60. Kf3 f5 61. Ng2 Ke6 62. Kf4 Kf6 63. Ne3 1-0


[Site "https://www.chess.com"]

[Event "Titled Tuesday Blitz November 07 Early 2023"]
[White "Kovalev, Vladislav"]
[Black "Lobanov, Sergei"]
[WhiteFideId "13504398"]
[BlackFideId "24183750"]
[WhiteElo "2929"]
[BlackElo "2839"]
[Result "0-1"]
[Round "7"]
[TimeControl "180+1"]
[Date "2023.11.07"]
[WhiteClock "0:00:00"]
[BlackClock "0:00:57"]
[Board "9"]

1. e4 e5 2. Nf3 Nc6 3. Bb5 a6 4. Ba4 Nf6 5. O-O b5 6. Bb3 Bc5 7. c3 d6 8. a4 Rb8 9. d4 Bb6 10. a5 Ba7 11. h3 O-O 12. Be3 Ra8 13. Nbd2 h6 14. Re1 Re8 15. Qc2 exd4 16. Nxd4 Ne5 17. f4 Ng6 18. e5 dxe5 19. Qxg6 exd4 20. Bxf7+ Kh8 21. Bxd4 Bxd4+ 22. Kh2 Rxe1 23. Rxe1 Bxc3 24. Nf3 Bxe1 25. Ne5 Bd2 26. Qg3 Bf5 0-1


[Site "https://www.chess.com"]

[Event "Titled Tuesday Blitz November 07 Early 2023"]
[White "Kukhmazov, Arsen"]
[Black "Klimkowski, Jan"]
[WhiteFideId "24108260"]
[BlackFideId "21856222"]
[WhiteElo "2916"]
[BlackElo "2818"]
[Result "1-0"]
[Round "7"]
[TimeControl "180+1"]
[Date "2023.11.07"]
[WhiteClock "0:00:18"]
[BlackClock "0:00:10"]
[Board "10"]

1. d4 Nf6 2. c4 e6 3. Nf3 d5 4. g3 Bb4+ 5. Bd2 Be7 6. Bg2 O-O 7. O-O c6 8. Qc2 Nbd7 9. Bf4 b6 10. Rd1 Ba6 11. Ne5 Rc8 12. cxd5 cxd5 13. Nc6 Qe8 14. Nxe7+ Qxe7 15. Nc3 b5 16. Qd3 Qb4 17. a4 Qxb2 18. Na2 Nb6 19. Rdb1 Qc2 20. Qxc2 Rxc2 21. Nb4 Rxe2 22. a5 Na4 23. Nxa6 Nc3 24. Rc1 Rc8 25. Bf1 Rb2 26. Nc5 b4 27. Nd3 Rb3 28. Bd6 Rc4 29. Nxb4 Rxd4 30. Na2 Ne8 31. Be5 Nxa2 32. Rc8 Kf8 33. Bd6+ 1-0


[Site "https://www.chess.com"]

[Event "Titled Tuesday Blitz November 07 Early 2023"]
[White "CrazyAdvenTures"]
[Black "Sethuraman, S.P."]
[BlackFideId "5021596"]
[WhiteElo "2826"]
[BlackElo "2906"]
[Result "0-1"]
[Round "7"]
[TimeControl "180+1"]
[Date "2023.11.07"]
[WhiteClock "0:00:45"]
[BlackClock "0:01:56"]
[Board "11"]

1. e4 e5 2. Nf3 Nc6 3. Bb5 a6 4. Ba4 Nf6 5. d3 b5 6. Bb3 Bc5 7. Nc3 d6 8. Nd5 h6 9. c3 Rb8 10. d4 Ba7 11. O-O O-O 12. Be3 Nxd5 13. Bxd5 Ne7 14. dxe5 Bxe3 15. fxe3 Nxd5 16. exd5 dxe5 17. Nxe5 Bb7 18. e4 Qe7 19. Qd4 Rbd8 20. Rf5 g6 21. Rf4 c5 22. Nxg6 fxg6 23. Qe3 Bxd5 24. Rxf8+ Rxf8 25. Qxh6 Qxe4 0-1


[Site "https://www.chess.com"]

[Event "Titled Tuesday Blitz November 07 Early 2023"]
[White "Melkumyan, Hrant"]
[Black "Javakhadze, Zurab"]
[WhiteFideId "13302485"]
[BlackFideId "13603647"]
[WhiteElo "2896"]
[BlackElo "2800"]
[Result "1-0"]
[Round "7"]
[TimeControl "180+1"]
[Date "2023.11.07"]
[WhiteClock "0:01:19"]
[BlackClock "0:00:04"]
[Board "12"]

1. c4 e6 2. Nc3 d5 3. d4 Nf6 4. cxd5 exd5 5. Bg5 c6 6. e3 Bd6 7. Bd3 O-O 8. Nge2 Re8 9. Qc2 h6 10. Bh4 a5 11. h3 Na6 12. a3 Nc7 13. g4 Ne6 14. f4 b6 15. Rg1 Bb7 16. g5 hxg5 17. fxg5 Nh5 18. O-O-O b5 19. Rdf1 Rf8 20. Rg4 g6 21. Bxg6 fxg6 22. Qxg6+ Neg7 23. Rf6 Be7 24. Qh6 Bc8 25. g6 Rxf6 26. Qh7+ Kf8 27. Qh8# 1-0


[Site "https://www.chess.com"]

[Event "Titled Tuesday Blitz November 07 Early 2023"]
[White "Steinberg, Nitzan"]
[Black "Rakotomaharo, Fy Antenaina"]
[WhiteFideId "2801795"]
[BlackFideId "13100050"]
[WhiteElo "2895"]
[BlackElo "2738"]
[Result "1/2-1/2"]
[Round "7"]
[TimeControl "180+1"]
[Date "2023.11.07"]
[WhiteClock "0:00:03"]
[BlackClock "0:00:06"]
[Board "13"]

1. e4 e5 2. Nf3 Nf6 3. Nxe5 d6 4. Nf3 Nxe4 5. d3 Nf6 6. d4 Be7 7. Bd3 O-O 8. h3 Re8 9. O-O Bf8 10. Nc3 b6 11. d5 Bb7 12. Bf4 Nbd7 13. Nd4 g6 14. Bc4 a6 15. a4 Bg7 16. Nc6 Bxc6 17. dxc6 Ne5 18. Bd5 Nxd5 19. Qxd5 Qf6 20. Bg3 g5 21. Rad1 Qg6 22. Rd2 Kh8 23. f4 gxf4 24. Bxf4 f5 25. Kh1 Re7 26. Rdf2 Rae8 27. Bh2 Rf7 28. Ne2 Qe6 29. Qxe6 Rxe6 30. Nd4 Ref6 31. b4 Kg8 32. b5 axb5 33. axb5 Nc4 34. Re2 f4 35. Re8+ Bf8 36. Ne6 Ne3 37. Rxf4 Nxc2 38. Rxf6 Rxf6 39. Rxf8+ Rxf8 40. Nxf8 Kxf8 41. Bxd6+ Ke8 42. Bxc7 Na3 43. Bxb6 Nxb5 44. Kh2 Ke7 45. c7 Kd7 46. Ba5 Na7 47. Kg3 Nc6 48. Bb6 Ne5 49. Kh4 Nc4 50. Bd4 Kxc7 51. Kh5 Kd6 52. Kh6 Kd5 53. Ba1 Ne3 54. g4 Ke4 55. Kxh7 Kf4 56. Be5+ Kxe5 57. g5 Nf5 58. g6 Kf4 59. h4 Kg4 60. g7 Nxg7 61. Kxg7 Kxh4 1/2-1/2


[Site "https://www.chess.com"]

[Event "Titled Tuesday Blitz November 07 Early 2023"]
[White "Taher, Yoseph Theolifus"]
[Black "GaiozNigalidze"]
[WhiteFideId "7105347"]
[WhiteElo "2892"]
[BlackElo "2725"]
[Result "1-0"]
[Round "7"]
[TimeControl "180+1"]
[Date "2023.11.07"]
[WhiteClock "0:01:10"]
[BlackClock "0:00:10"]
[Board "14"]

1. d4 Nf6 2. Nc3 d5 3. Bf4 Bf5 4. e3 e6 5. Nf3 Be7 6. Ne5 h6 7. g4 Bh7 8. h4 Nfd7 9. g5 Nxe5 10. Bxe5 f6 11. gxf6 Bxf6 12. Bd3 Bxe5 13. Bxh7 Bf6 14. Bg6+ Kd7 15. Ne2 Bxh4 16. Nf4 Bg5 17. Nd3 Nc6 18. Nc5+ Kc8 19. Qg4 Qf6 20. Nxe6 Kb8 21. Bd3 Re8 22. Nc5 Rd8 23. Nd7+ Rxd7 24. Qxd7 a6 25. Qxd5 Ka7 26. f4 Bh4+ 27. Kd2 Rd8 28. Qf5 Qe7 29. c3 Bf6 30. Rae1 b6 31. Kc2 Qd6 32. Kb1 Ne7 33. Qe4 Nd5 34. Be2 b5 35. Bf3 c6 36. Qd3 Nb6 37. e4 Qxf4 38. e5 Be7 39. b3 c5 40. Rhf1 cxd4 41. Bh1 Qg5 42. cxd4 Qh4 43. Rd1 Bc5 44. Rf7+ Be7 45. Qe4 Qxe4+ 46. Bxe4 Rd7 1-0


[Site "https://www.chess.com"]

[Event "Titled Tuesday Blitz November 07 Early 2023"]
[White "Malek, Jan"]
[Black "Kazakouski, Valery"]
[WhiteFideId "21864080"]
[BlackFideId "13507443"]
[WhiteElo "2717"]
[BlackElo "2888"]
[Result "0-1"]
[Round "7"]
[TimeControl "180+1"]
[Date "2023.11.07"]
[WhiteClock "0:00:00"]
[BlackClock "0:01:42"]
[Board "15"]

1. d4 Nf6 2. Nf3 c5 3. c3 e6 4. Bf4 b6 5. e3 Be7 6. Be2 O-O 7. O-O h6 8. h3 d6 9. a4 Ba6 10. Bxa6 Nxa6 11. Na3 cxd4 12. exd4 Qd7 13. Nb5 Rfc8 14. Qd3 Nc7 15. Rfe1 Ncd5 16. Bh2 a6 17. Na3 Qxa4 18. c4 Nb4 19. Qc3 d5 20. b3 Qe8 21. Ne5 a5 22. Nc2 Nxc2 23. Qxc2 Nd7 24. Nf3 a4 25. Qd3 Nf6 26. Ne5 a3 27. Bf4 dxc4 28. bxc4 Qa4 29. d5 exd5 30. Qg3 Nh5 31. Qf3 Nxf4 32. Qxf4 Bf6 33. Rad1 a2 34. Ng4 a1=Q 35. Rxa1 Bxa1 0-1


[Site "https://www.chess.com"]

[Event "Titled Tuesday Blitz November 07 Early 2023"]
[White "Kamsky, Gata"]
[Black "Arifarsky"]
[WhiteFideId "2000024"]
[WhiteElo "2856"]
[BlackElo "2698"]
[Result "1-0"]
[Round "7"]
[TimeControl "180+1"]
[Date "2023.11.07"]
[WhiteClock "0:00:09"]
[BlackClock "0:00:02"]
[Board "16"]

1. d4 d5 2. Bf4 Nf6 3. e3 c5 4. c3 cxd4 5. exd4 Nc6 6. Nd2 g6 7. Ngf3 Nh5 8. Be3 Bg7 9. Be2 Qc7 10. g3 O-O 11. O-O f5 12. Nb3 f4 13. gxf4 Nxf4 14. Bxf4 Qxf4 15. Kh1 e5 16. dxe5 Nxe5 17. Qxd5+ Kh8 18. Nxe5 Bxe5 19. Qg2 Rf5 20. Bg4 Rg5 21. f3 h5 22. h4 hxg4 23. hxg5 g3 24. Rae1 Qh4+ 25. Kg1 Bh3 26. Qe2 Bg7 27. f4 Rf8 28. Nc5 Bxf1 29. Rxf1 Rxf4 30. Rxf4 Qxf4 31. Ne4 Be5 32. Kg2 Kh7 33. Qf3 Kg7 34. Qxf4 Bxf4 35. Kf3 Be5 36. Nxg3 Kf7 37. Ne2 Ke6 38. Ke4 Bd6 39. c4 Be7 40. Nd4+ Kf7 41. Nf3 Bd6 42. Kd5 Be7 43. c5 Ke8 44. b4 Kd7 45. b5 a6 46. a4 axb5 47. axb5 Kc7 48. b6+ Kd7 49. Ne5+ Kc8 50. Nf7 Kd7 51. Nd6 Bxg5 52. Nxb7 Bf4 53. c6+ Kc8 54. Nd6+ 1-0


[Site "https://www.chess.com"]

[Event "Titled Tuesday Blitz November 07 Early 2023"]
[White "Sychev, Klementy"]
[Black "Matinian, Nikita"]
[WhiteFideId "4114060"]
[BlackFideId "24129100"]
[WhiteElo "2849"]
[BlackElo "2677"]
[Result "1-0"]
[Round "7"]
[TimeControl "180+1"]
[Date "2023.11.07"]
[WhiteClock "0:00:20"]
[BlackClock "0:00:01"]
[Board "17"]

1. e4 d6 2. d4 g6 3. Nc3 a6 4. Be3 b5 5. g4 Bb7 6. Bg2 Nd7 7. h4 h6 8. a3 e6 9. f4 Ne7 10. h5 gxh5 11. Rxh5 Rg8 12. Bf3 Nf6 13. Rh3 Qd7 14. Qe2 d5 15. e5 Ne4 16. Qd3 Rc8 17. O-O-O c5 18. dxc5 Nxc5 19. Bxc5 Rxc5 20. Ne4 Qc6 21. Nf6+ Kd8 22. Nxg8 Nxg8 23. Qh7 Ne7 24. Kb1 Ke8 25. Ne2 Rc4 26. g5 Nf5 27. g6 fxg6 28. Qxg6+ Kd7 29. Bg4 Ne7 30. Qf7 b4 31. Qxf8 Rxc2 32. Nd4 1-0


[Site "https://www.chess.com"]

[Event "Titled Tuesday Blitz November 07 Early 2023"]
[White "Adewumi, Tanitoluwa"]
[Black "Yanchenko, Roman"]
[WhiteFideId "30966396"]
[BlackFideId "4137329"]
[WhiteElo "2655"]
[BlackElo "2848"]
[Result "0-1"]
[Round "7"]
[TimeControl "180+1"]
[Date "2023.11.07"]
[WhiteClock "0:00:00"]
[BlackClock "0:00:03"]
[Board "18"]

1. e4 e6 2. Nc3 d5 3. Nf3 c5 4. d4 Nc6 5. exd5 exd5 6. dxc5 d4 7. Nb5 Bxc5 8. Bf4 Bb4+ 9. c3 dxc3 10. bxc3 Qxd1+ 11. Rxd1 Ba5 12. Bc4 Be6 13. Nd6+ Ke7 14. Bxe6 Bxc3+ 15. Ke2 fxe6 16. Nxb7 Nf6 17. Bd6+ Kf7 18. Rc1 Nd5 19. Rhd1 Rhc8 20. Rxd5 exd5 21. Rxc3 Nd4+ 22. Kd3 Rxc3+ 23. Kxc3 Nxf3 24. gxf3 Ke6 25. Bc5 Rb8 26. Na5 a6 27. Nb3 Rc8 28. Kd3 g6 29. Be3 Rf8 30. Nc5+ Kd6 31. Nxa6 Rxf3 32. Nb4 Rh3 33. a4 Rh4 34. Bd4 Rxh2 35. a5 Rh3+ 36. Be3 Rh4 37. Bd4 Rh3+ 38. Kd2 Ra3 39. a6 h5 40. a7 h4 41. Nd3 Ra2+ 42. Ke3 h3 43. Be5+ Ke7 44. Bb8 Rxa7 45. Nf4 Ra3+ 46. Ke2 g5 47. Nxd5+ Ke6 48. Ne3 Rb3 49. Bg3 Kf6 50. Kf3 Kg6 51. Kg4 Rb4+ 52. Kxh3 Kh5 53. Kg2 Ra4 54. Kf3 Kg6 55. Ng2 Kf5 56. Ne3+ Kf6 57. Ke2 Kg6 58. Kd3 Kh5 59. Nc4 Kg4 60. Ne5+ Kf5 61. Ke3 Ra3+ 62. Kd4 Ra4+ 63. Kd5 Ra5+ 64. Kd6 Ra3 65. Nc6 Ke4 66. Ke6 g4 67. Ne5 Ra6+ 68. Kf7 Kf5 69. Kg7 Ra7+ 70. Kh6 Rb7 71. Nd3 Rb6+ 72. Kh5 Rb7 73. Kh6 Rd7 74. Nf4 Rd6+ 75. Kh5 Rd1 76. Kh6 Rd4 77. Ng2 Ke4 78. Kg5 Kf3 79. Nh4+ Ke2 80. Nf5 Ra4 81. Ne3 Kf3 82. Nf5 Ra5 83. Kg6 Ke4 84. Nh4 Rb5 85. Kf6 Ra5 86. Kg6 Rb5 87. Kg7 Rc5 88. Ng6 Kf5 89. Kf7 Ra5 90. Ne7+ Kg5 91. Ke6 Ra1 92. Ke5 Re1+ 93. Kd6 Rd1+ 94. Nd5 Kf5 95. Kc5 Ra1 96. Kd4 Rd1+ 97. Kc4 Ra1 98. Ne3+ Kg5 99. Kd3 Ra3+ 100. Ke4 Ra4+ 101. Ke5 Ra5+ 102. Nd5 Rb5 103. Bf4+ Kh4 104. Ke4 Kh3 105. Bg3 Kg2 106. Ne3+ Kh3 107. Kf4 Rb4+ 108. Kf5 Ra4 109. Bf4 Ra2 110. Nxg4 Kg2 111. Be3 Kf3 112. Kg5 Ra5+ 0-1


[Site "https://www.chess.com"]

[Event "Titled Tuesday Blitz November 07 Early 2023"]
[White "Kozak, Antoni"]
[Black "Pranesh M"]
[WhiteFideId "21832030"]
[BlackFideId "35028600"]
[WhiteElo "2807"]
[BlackElo "3021"]
[Result "1-0"]
[Round "7"]
[TimeControl "180+1"]
[Date "2023.11.07"]
[WhiteClock "0:00:15"]
[BlackClock "0:01:31"]
[Board "19"]

1. Nf3 b6 2. e4 Bb7 3. Nc3 c5 4. d4 cxd4 5. Nxd4 e5 6. Nf5 Nf6 7. Bg5 h6 8. Bxf6 Qxf6 9. Nd5 Qd8 10. Bc4 g6 11. Nfe3 Bg7 12. O-O O-O 13. Qg4 d6 14. Rfd1 Kh7 15. Nc3 Nc6 16. Bd5 Rb8 17. Rd2 Bc8 18. Qd1 Nd4 19. Ne2 Ba6 20. Nxd4 exd4 21. Nf1 Qg5 22. a4 Qe5 23. Ra3 f5 24. Ng3 Rbc8 25. Rf3 f4 26. Ne2 Bc4 27. Nxd4 Bxd5 28. exd5 Qxd5 29. h3 Qe4 30. Rfd3 Rce8 31. c3 a6 32. Nf3 b5 33. axb5 axb5 34. Rxd6 Re7 35. Kh2 b4 36. cxb4 Rb8 37. Rd7 Rb7 38. Rxe7 Qxe7 39. b5 Rxb5 40. Rd7 Qf6 41. b3 h5 42. Qd3 Kh6 43. Qxb5 Qe6 44. Qg5+ Kh7 45. Qxh5+ Kg8 46. Ng5 Qxd7 47. Qxg6 f3 48. Qe6+ Qxe6 49. Nxe6 Be5+ 50. Kg1 fxg2 51. Kxg2 Bf6 52. Nf4 Kf7 53. Kf3 Be5 54. Ke4 Bd6 55. Nd5 Bc5 56. f4 Ke6 57. f5+ Kd6 58. b4 Bf2 59. b5 Bh4 60. b6 Kc6 61. Ke5 Be1 62. Ke6 Bf2 63. f6 Bc5 64. f7 Kb7 65. h4 Bf8 66. h5 Kc6 67. Kf6 Kb7 68. Ne7 Kxb6 69. Ng6 Bh6 70. f8=Q Bxf8 71. Nxf8 Kc6 72. h6 Kd6 73. h7 Kd5 74. h8=Q Ke4 75. Ng6 Kf3 76. Qh3+ Kf2 77. Kf5 Ke2 78. Ke4 Kd2 79. Qe3+ Kc2 80. Nf4 Kb2 81. Nd3+ Kc2 82. Nc5 Kb2 83. Kd4 Kc2 84. Kc4 Kb2 85. Qb3+ Kc1 86. Qa2 Kd1 87. Kd3 Ke1 88. Qe2# 1-0


[Site "https://www.chess.com"]

[Event "Titled Tuesday Blitz November 07 Early 2023"]
[White "Deac, Bogdan-Daniel"]
[Black "Suyarov, Mukhammadzokhid"]
[WhiteFideId "1226380"]
[BlackFideId "14210495"]
[WhiteElo "2989"]
[BlackElo "2819"]
[Result "1-0"]
[Round "7"]
[TimeControl "180+1"]
[Date "2023.11.07"]
[WhiteClock "0:00:05"]
[BlackClock "0:00:00"]
[Board "20"]

1. b3 e5 2. Bb2 Nc6 3. Nf3 e4 4. Nd4 Qf6 5. e3 Bc5 6. c3 d5 7. d3 Nge7 8. Nd2 Qg6 9. dxe4 dxe4 10. Qc2 Bxd4 11. cxd4 Bf5 12. a3 O-O 13. h3 h5 14. g4 hxg4 15. Rg1 Rfe8 16. hxg4 Bxg4 17. Be2 f5 18. Bxg4 fxg4 19. Qxe4 Qf7 20. Qxg4 Nd5 21. O-O-O a5 22. Rg3 a4 23. Rdg1 Re7 24. Rf3 Nf6 25. Qg5 Rd8 26. Rxf6 Qd5 27. Qxd5+ Rxd5 28. Rfg6 Rf7 29. e4 Rh5 30. d5 1-0


[Site "https://www.chess.com"]

[Event "Titled Tuesday Blitz November 07 Early 2023"]
[White "Molina, Roberto Junio Brito"]
[Black "Rasulov, Vugar"]
[WhiteFideId "2109450"]
[BlackFideId "13402390"]
[WhiteElo "2802"]
[BlackElo "2972"]
[Result "1/2-1/2"]
[Round "7"]
[TimeControl "180+1"]
[Date "2023.11.07"]
[WhiteClock "0:00:31"]
[BlackClock "0:00:28"]
[Board "21"]

1. d4 Nf6 2. c4 c5 3. d5 e6 4. Nc3 d6 5. e4 exd5 6. cxd5 g6 7. Bd3 Bg7 8. h3 O-O 9. Nf3 b5 10. Bxb5 Nxe4 11. Nxe4 Qa5+ 12. Nfd2 Qxb5 13. Nxd6 Qa6 14. N2c4 Nd7 15. O-O Ne5 16. Nxc8 Raxc8 17. Nxe5 Bxe5 18. Qc2 Rfd8 19. Rd1 Bd4 20. Qe4 Qb7 21. Rb1 Qxd5 22. Qxd5 Rxd5 23. Be3 a5 24. b3 f5 25. Kf1 Kf7 26. Rbc1 Bxe3 27. fxe3 Ke6 28. Rxd5 Kxd5 29. Rc4 Re8 30. Ke2 Re4 31. Rc3 f4 32. Kf3 Rxe3+ 33. Rxe3 fxe3 34. Kxe3 c4 35. Kd2 cxb3 36. axb3 Kd4 37. Kc2 g5 38. g4 Ke3 39. Kb2 Kf3 40. Ka3 Kg3 41. Ka4 Kxh3 42. Kxa5 Kxg4 43. b4 h5 44. b5 h4 45. b6 h3 46. b7 h2 47. b8=Q h1=Q 48. Qc8+ Kg3 49. Qc7+ Kg4 50. Qd7+ Kf4 51. Qd6+ Kf5 52. Qd7+ Kg6 53. Qe6+ Kh5 54. Qf7+ Kg4 55. Qe6+ Kf4 56. Qf6+ Kg4 57. Qe6+ Kg3 58. Qe5+ Kg4 59. Qe6+ 1/2-1/2


[Site "https://www.chess.com"]

[Event "Titled Tuesday Blitz November 07 Early 2023"]
[White "Gharibyan, Mamikon"]
[Black "Grigoriants, Sergey"]
[WhiteFideId "13308300"]
[BlackFideId "4130804"]
[WhiteElo "2789"]
[BlackElo "2941"]
[Result "1-0"]
[Round "7"]
[TimeControl "180+1"]
[Date "2023.11.07"]
[WhiteClock "0:00:36"]
[BlackClock "0:00:01"]
[Board "22"]

1. e4 c5 2. Nf3 Nc6 3. Bb5 e6 4. O-O Nd4 5. Nxd4 cxd4 6. c3 Bc5 7. b4 Bb6 8. a4 a6 9. Bc4 Qh4 10. Qf3 Nf6 11. d3 O-O 12. a5 Bc7 13. g3 Qh3 14. cxd4 d5 15. Bb3 e5 16. exd5 Bg4 17. Qg2 Qh5 18. Nd2 Bh3 19. Qf3 Qxf3 20. Nxf3 Bxf1 21. Kxf1 exd4 22. Bg5 Bd6 23. Bc4 Nd7 24. Rb1 Rfe8 25. Nxd4 g6 26. b5 Ne5 27. bxa6 bxa6 28. Nc6 Rec8 29. Nxe5 Bxe5 30. Rb7 Bd6 31. Be3 Rab8 32. Bxa6 Rxb7 33. Bxb7 Rc2 34. a6 1-0


[Site "https://www.chess.com"]

[Event "Titled Tuesday Blitz November 07 Early 2023"]
[White "Csonka, Balazs"]
[Black "Khismatullin, Denis"]
[WhiteFideId "742910"]
[BlackFideId "4142578"]
[WhiteElo "2767"]
[BlackElo "2938"]
[Result "0-1"]
[Round "7"]
[TimeControl "180+1"]
[Date "2023.11.07"]
[WhiteClock "0:00:01"]
[BlackClock "0:00:13"]
[Board "23"]

1. e4 c5 2. Nf3 d6 3. Bb5+ Nd7 4. Ba4 Nf6 5. O-O e6 6. c4 Be7 7. Nc3 O-O 8. d4 cxd4 9. Nxd4 Qc7 10. Qe2 Ne5 11. Bb3 a6 12. Kh1 Bd7 13. f4 Nc6 14. Be3 Nxd4 15. Bxd4 Bc6 16. Bc2 Nd7 17. Nd5 exd5 18. exd5 Bf6 19. Bxf6 Nxf6 20. dxc6 bxc6 21. Rad1 Rfe8 22. Qf3 Rad8 23. h3 a5 24. Rfe1 Rxe1+ 25. Rxe1 d5 26. Ba4 h5 27. Re5 Qb6 28. cxd5 cxd5 29. Bb3 Qd4 30. Qe2 Qxf4 31. Qe3 Qxe3 32. Rxe3 Kf8 33. Kg1 d4 34. Rd3 Ne4 35. Rd1 Nc5 36. Bc4 f6 37. Kf2 h4 38. Kf3 g5 39. Re1 d3 40. Rd1 Rd4 41. b3 f5 42. Ke3 Re4+ 43. Kf3 g4+ 44. hxg4 fxg4+ 45. Kf2 Re2+ 46. Kf1 g3 47. Bxd3 Rf2+ 48. Kg1 Nxd3 49. Rxd3 Rxa2 50. Kf1 Ra1+ 51. Ke2 h3 52. Rf3+ Ke7 53. Re3+ Kd7 54. Rd3+ Kc8 55. Rc3+ Kb7 0-1


[Site "https://www.chess.com"]

[Event "Titled Tuesday Blitz November 07 Early 2023"]
[White "Rostovtsev, Dmitry"]
[Black "Orozbaev, Eldiar"]
[WhiteFideId "34278320"]
[BlackFideId "13802240"]
[WhiteElo "2935"]
[BlackElo "2749"]
[Result "1-0"]
[Round "7"]
[TimeControl "180+1"]
[Date "2023.11.07"]
[WhiteClock "0:00:03"]
[BlackClock "0:00:01"]
[Board "24"]

1. d4 Nf6 2. c4 e6 3. Nc3 d5 4. cxd5 exd5 5. Bf4 Bd6 6. Bxd6 Qxd6 7. e3 c6 8. Bd3 O-O 9. Nge2 Re8 10. h3 Nbd7 11. Qd2 b6 12. O-O Bb7 13. Rad1 Nf8 14. a3 Ng6 15. Ng3 Nh4 16. Nf5 Nxf5 17. Bxf5 g6 18. Bd3 Kg7 19. Qc2 Re7 20. b4 Rae8 21. Qb2 Bc8 22. b5 cxb5 23. Nxb5 Qb8 24. Qb4 Bxh3 25. gxh3 Rxe3 26. Nd6 Rxh3 27. Kg2 Rh5 28. Nxe8+ Nxe8 29. Rh1 Rg5+ 30. Kf1 Qf4 31. Qd2 Qf3 32. Qxg5 h5 33. Be2 Qxh1+ 34. Qg1 Qh4 35. Qg3 Qh1+ 36. Qg1 Qh4 37. Bf3 Qe7 38. Qg3 Qxa3 39. Bxd5 Qa4 40. Qe5+ Nf6 41. Bf3 Qb3 42. Qe3 Qc4+ 43. Kg1 h4 44. d5 h3 45. d6 h2+ 46. Kxh2 Kh7 47. Qd4 Qe6 48. d7 Nxd7 49. Qxd7 Qe5+ 50. Kg2 Qg5+ 51. Kf1 Qf6 52. Qh3+ Kg7 53. Qg4 Kg8 54. Qc8+ Kg7 55. Qg4 Kg8 56. Kg2 Qc3 57. Rd8+ Kh7 58. Qd4 Qc7 1-0


[Site "https://www.chess.com"]

[Event "Titled Tuesday Blitz November 07 Early 2023"]
[White "Makhnev, Denis"]
[Black "Aradhya, Garg"]
[WhiteFideId "13707647"]
[BlackFideId "25006746"]
[WhiteElo "2931"]
[BlackElo "2713"]
[Result "0-1"]
[Round "7"]
[TimeControl "180+1"]
[Date "2023.11.07"]
[WhiteClock "0:00:12"]
[BlackClock "0:00:24"]
[Board "25"]

1. e4 e5 2. Nf3 Nc6 3. Bb5 a6 4. Bxc6 dxc6 5. d3 Bd6 6. Nbd2 Be6 7. O-O c5 8. Nc4 Bxc4 9. dxc4 Ne7 10. Nh4 O-O 11. Qg4 Qc8 12. Qg3 Qe6 13. b3 f5 14. Nf3 f4 15. Qh4 h6 16. h3 g5 17. Qg4 Qxg4 18. hxg4 Nc6 19. Bb2 Rfe8 20. Rfd1 Nd4 21. Bxd4 exd4 22. Re1 Re6 23. Nd2 c6 24. Kf1 Bc7 25. f3 Ba5 26. Ke2 Rd8 27. Kd3 Bxd2 28. Kxd2 d3 29. c3 Kg7 30. Reb1 Kg6 31. b4 cxb4 32. Rxb4 Re7 33. Rab1 b5 34. cxb5 axb5 35. a4 bxa4 36. Rxa4 h5 37. gxh5+ Kxh5 38. Rd4 Rxd4 39. Rh1+ Kg6 40. cxd4 Ra7 41. Kxd3 Ra2 42. Rg1 Kh5 43. e5 Kg6 44. Re1 Kf7 45. Re2 Ra3+ 46. Ke4 Ke6 47. Rc2 Re3# 0-1


[Site "https://www.chess.com"]